 Dungeon Crawl Stone Soup version 0.27-a0-1591-gc56fcc985a (webtiles) character file.

Game seed: 13132698170313291447

177 Sweetruy1997 the Chopper (level 5, 0/47 HPs)
             Began as a Minotaur Berserker on July 19, 2021.
             Was a Priest of Trog.
             Succumbed to a scorpion's poison
             ... on level 4 of the Dungeon.
             The game lasted 00:06:50 (2927 turns).

Sweetruy1997 the Chopper (Minotaur Berserker)       Turns: 2927, Time: 00:06:51

Health: 0/47       AC:  7    Str: 21    XL:     5   Next: 31%
Magic:  4/4        EV: 11    Int:  4    God:    Trog [***...]
Gold:   125        SH:  0    Dex: 11    Spells: 4/4 levels left

rFire    . . .     SeeInvis .   a - +0 hand axe
rCold    . . .     Faith    .   (no shield)
rNeg     . . .     Spirit   .   c - +0 ring mail
rPois    .         Reflect  .   (helmet restricted)
rElec    .         Harm     .   e - +0 cloak
rCorr    .         Rampage  .   h - +0 pair of gloves
Will     .....                  (no boots)
Stlth    +.........             (no amulet)
HPRegen  0.15/turn              f - ring of flight
MPRegen  0.09/turn              (no ring)

@: lethally poisoned (0 -> -13), flying, hasted, very quick
A: horns 2, retaliatory headbutt
a: Renounce Religion, Berserk, Trog's Hand


You were on level 4 of the Dungeon.
You worshipped Trog.
Trog was most pleased with you.
You visited 1 branch of the dungeon, and saw 4 of its levels.

You collected 125 gold pieces.

Inventory:

Hand Weapons
 a - a +0 hand axe (weapon)
Armour
 c - a +0 ring mail (worn)
 e - a +0 cloak (worn)
 h - a +0 pair of gloves (worn)
Jewellery
 f - a ring of flight (left hand)
Potions
 d - a potion of resistance {unknown}
 g - a potion of berserk rage {unknown}
 i - a potion of experience {unknown}


   Skills:
 + Level 4.8 Fighting
 + Level 5.9 Axes
 - Level 3.0 Armour
 + Level 2.9 Dodging
 + Level 0.1 Stealth


You had 4 spell levels left.
You didn't know any spells.
Your spell library was empty.

Dungeon Overview and Level Annotations

Branches:
Dungeon (4/15)
 Temple: D:4-7

Altars:
Makhleb


Innate Abilities, Weirdness & Mutations

You have a pair of horns on your head.
You reflexively headbutt those who attack you in melee.


Message History

You start resting.
HP restored.
There is a stone staircase leading down here.
You fly downwards.
Found a blue potion and 15 bolts.
There is a stone staircase leading up here.
The scorpion stings you. x2
You are poisoned.
The scorpion poisons you!
You barely miss the scorpion. You headbutt the scorpion.
The scorpion is lightly wounded.
You feel very sick. The scorpion stings you.
You are more poisoned.
The scorpion poisons you!
You hit the scorpion but do no damage. You headbutt the scorpion.
The scorpion is moderately wounded.
You feel very sick. The scorpion stings you.
You are more poisoned.
The scorpion poisons you!
You closely miss the scorpion.
The scorpion is moderately wounded.
You feel very sick.
The scorpion stings you but does no damage.
You are too injured to fight recklessly!
You hit the scorpion but do no damage. Your headbutt misses the scorpion.
The scorpion is moderately wounded.
You feel very sick. The scorpion stings you.
* * * LOW HITPOINT WARNING * * *
You hit the scorpion.
The scorpion is heavily wounded.
* * * LOW HITPOINT WARNING * * *
You feel very sick. The scorpion stings you.
* * * LOW HITPOINT WARNING * * *
The scorpion misses you.
It was a potion of haste.
You feel yourself speed up.
You die...

#########
#....(..#
#...!...#
+.......+
#.......#
#.......#
#<.@s...#
#.......#
#######.#
.. +


You could see a scorpion.

Vanquished Creatures
  A scorpion (D:3)
  3 adders
  3 worms
  2 dart slugs (D:1)
  6 orcs
  3 ball pythons
  5 bats
  2 endoplasms
  6 giant cockroaches
  10 goblins
  6 hobgoblins
  11 jackals
  4 kobolds
  2 quokkas (D:2)
  4 frilled lizards
  2 rats
70 creatures vanquished.

Notes
Turn   | Place    | Note
-------+----------+-------------------------------------------
     0 | D:1      | Sweetruy1997 the Minotaur Berserker began the quest for the
                  | Orb.
     0 | D:1      | Reached XP level 1. HP: 19/19 MP: 0/0
   338 | D:1      | Reached skill level 4 in Axes
   357 | D:1      | Reached XP level 2. HP: 27/27 MP: 1/1
   610 | D:1      | Reached XP level 3. HP: 28/33 MP: 2/2
   732 | D:1      | Reached ** piety under Trog
   995 | D:2      | Reached skill level 5 in Axes
  1262 | D:2      | Reached XP level 4. HP: 39/40 MP: 3/3
  1401 | D:2      | Found a faded altar of an unknown god.
  2122 | D:3      | Noticed a scorpion
  2129 | D:3      | Killed a scorpion
  2130 | D:3      | Reached XP level 5. HP: 30/47 MP: 4/4
  2308 | D:3      | Found a burning altar of Makhleb.
  2484 | D:3      | Reached *** piety under Trog
  2675 | D:4      | Noticed an ogre
  2927 | D:4      | Succumbed to a scorpion's poison

Illustrated notes

Levels and vault maps discovered:
D:1:      dpeg_arrival_oval, layout_loops_ring, chequers_serial_rivers_marsh,
          st_stairs_7, minmay_misc_feat_roman, hangedman_decor_riveting
D:2:      layout_rooms, hellmonk_ecumenical_altar_pennies_from_heaven
D:3:      layout_loops_ring, mainiacjoe_overflow_tiny_flanked
D:4:      layout_basic, serial_bayou_pond_b

Skill      XL: |  1  2  3 |
---------------+----------+-----
Axes           | 4 5 |  5.9
Armour         | 3 |  3.0
Fighting       | 4 |  4.8
Dodging        | |  2.9
Stealth        | |  0.1

Action                   |  1- 3 |  4- 6 || total
-------------------------+-------+-------++-------
Melee: Hand axe          |    90 |    94 ||   184
       Headbutt          |    13 |    12 ||    25
  Use: Potion            |       |     1 ||     1
Armor: Ring mail         |    31 |    44 ||    75
       Animal skin       |     1 |       ||     1
Dodge: Dodged            |    51 |    45 ||    96

Table legend: (Time is in decaauts)
 A = Elapsed time spent in this place.
 B = Non-inter-level travel time spent in this place.
 C = Inter-level travel time spent in this place.
 D = Time resting spent in this place.
 E = Time spent auto-exploring this place.
 F = Levels seen in this place.
 G = Mean time per level.
                   A        B        C        D        E       F      G
               +--------+--------+--------+--------+--------+-----+--------+
         Total |   2939 |   2850 |     89 |    764 |   1690 |   4 |  734.8 |
       Dungeon |   2939 |   2850 |     89 |    764 |   1690 |   4 |  734.8 |
               +--------+--------+--------+--------+--------+-----+--------+

Top non-repeatable levels by time:
     D:3: 1207 daAuts
     D:1: 993 daAuts
     D:2: 725 daAuts
     D:4: 13 daAuts
